 Dungeon Crawl Stone Soup version 0.29.1-2-gbd0b4ee654 (webtiles) character file.

Game seed: 3515833124283984815

555 safid the Shooter (level 7, -2/64 HPs)
             Began as a Minotaur Hunter on Nov 8, 2022.
             Slain by Menkaure (19 damage)
             ... on level 5 of the Dungeon.
             The game lasted 00:04:55 (4364 turns).

safid the Shooter (Minotaur Hunter)                 Turns: 4364, Time: 00:04:56

Health: -2/64      AC:  7    Str: 16    XL:     7   Next: 8%
Magic:  6/6        EV: 12    Int:  6    God:
Gold:   175        SH:  0    Dex: 21    Spells: 6/6 levels left

rFire   . . .      SeeInvis +   a - +0 shortbow
rCold   . . .      Faith    .   (shield currently unavailable)
rNeg    . . .      Spirit   .   D - +2 leather armour of Boiling Hail {rPois Dex+6 SInv}
rPois   +          Reflect  .   B - +1 hat
rElec   .          Harm     .   (no cloak)
rCorr   +          Rampage  .   u - +0 pair of gloves
Will    .....                   (no boots)
Stlth   ++........              (no amulet)
HPRegen 0.20/turn               o - ring of resist corrosion
MPRegen 0.10/turn               (no ring)

@: no status effects
A: horns 2, retaliatory headbutt
a: no special abilities


You were on level 5 of the Dungeon.
You visited 1 branch of the dungeon, and saw 5 of its levels.

You collected 175 gold pieces.

Inventory:

Hand Weapons
 a - a +0 shortbow (weapon)
Missiles
 A - 6 javelins
Armour
 u - a +0 pair of gloves (worn)
 B - a +1 hat (worn)
 D - the +2 leather armour of Boiling Hail (worn) {rPois Dex+6 SInv}
   (You found it on level 5 of the Dungeon)

   Dex:       It affects your dexterity (+6).
   rPois:     It protects you from poison.
   SInv:      It lets you see invisible.
Jewellery
 o - a ring of resist corrosion (left hand)
 C - a ring of ice
Wands
 c - a wand of light (11)
 x - a wand of iceblast (6)
Scrolls
 d - 4 scrolls of identify {unknown}
 e - 2 scrolls of noise {unknown}
 h - 7 scrolls of poison {unknown}
 i - a scroll of enchant armour {unknown}
 j - 5 scrolls of teleportation {unknown}
 l - 3 scrolls of torment {unknown}
 m - a scroll of silence {unknown}
 r - a scroll of butterflies {unknown}
 t - a scroll of blinking {unknown}
 w - a scroll of vulnerability {unknown}
 y - a scroll of enchant weapon {unknown}
Potions
 b - a potion of attraction {unknown}
 f - 2 potions of brilliance {unknown}
 g - a potion of lignification {unknown}
 k - 3 potions of curing {unknown}
 n - a potion of cancellation {unknown}
 p - 2 potions of degeneration {unknown}
 q - 2 potions of might {unknown}
 s - 2 potions of berserk rage {unknown}
 v - 3 potions of haste {unknown}
 z - a potion of heal wounds {unknown}
 E - a potion of ambrosia {unknown}


   Skills:
 + Level 6.8 Fighting
 + Level 7.3 Ranged Weapons
 - Level 2.1 Dodging
 - Level 0.7 Stealth


You had 6 spell levels left.
You didn't know any spells.
Your spell library contained the following spells:

 Spells                   Type           Power      Damage    Failure   Level
 Freeze                   Ice            0%         1d3       52%         1
 Frozen Ramparts          Ice            0%         1d1       88%         3
 Tukima's Dance           Hex            0%         N/A       88%         3
 Hailstorm                Conj/Ice       0%         3d3       99%         4
 Passage of Golubria      Tloc           0%         N/A       99%         4
 Yara's Violent Unravell  Hex/Tmut       0%         3d3       100%        5


Dungeon Overview and Level Annotations

Branches:
Dungeon (5/15)
 Temple: D:4-7

Altars:

Shops:
D:3 *

Annotations:
D:5 Menkaure


Innate Abilities, Weirdness & Mutations

You have a pair of horns on your head.
You reflexively headbutt those who attack you in melee.


Message History

Menkaure gestures wildly while chanting.
Menkaure seems to speed up.
You shoot an arrow. The arrow completely misses the hound.
The hound closely misses you. The hound bites you but does no damage.
You shoot an arrow. The arrow closely misses the hound.
The hound bites you. The hound misses you. You furiously retaliate!
You headbutt the hound! You shoot an arrow. The arrow hits the hound!
You kill the hound!
Menkaure misses you. You furiously retaliate!
You headbutt Menkaure, but do no damage.
You shoot an arrow. The arrow completely misses Menkaure.
Menkaure points at you and mumbles some strange words.
You struggle to resist.
Menkaure closely misses you.
You shoot an arrow. The arrow barely misses Menkaure.
Menkaure hits you!
You shoot an arrow. The arrow closely misses Menkaure.
Menkaure hits you. Menkaure hits you!
You are too injured to fight recklessly!
You are too injured to fight recklessly!
You are too injured to fight recklessly!
You are too injured to fight recklessly!
Fire: a) +0 shortbow
Press: ? - help, Q - select action, (/) - cycle Shift-Dir - straight line, f/p - Menkaure
Aim: Menkaure (fast, 80% to hit)
You shoot an arrow.
The arrow hits Menkaure but does no damage.
Menkaure barely misses you.
Fire: a) +0 shortbow
Press: ? - help, Q - select action, (/) - cycle Shift-Dir - straight line, f/p - Menkaure
Aim: Menkaure (fast, 80% to hit)
You shoot an arrow. The arrow hits Menkaure!
Menkaure is moderately damaged.
Menkaure hits you!
* * * LOW HITPOINT WARNING * * *
Fire: a) +0 shortbow
Press: ? - help, Q - select action, (/) - cycle Shift-Dir - straight line, f/p - Menkaure
Aim: Menkaure (moderately damaged, fast, 80% to hit)
You shoot an arrow. The arrow hits Menkaure.
Menkaure is heavily damaged.
Menkaure misses you. Menkaure hits you!!
You die...

#### #..###### #....#..##
### ## ##..###...### .
#(.##.##...#.#.....##
..#...................###
............##.......##.##
.....#.##.#.###..).......#
.......M@######....#.....
..##...†## .............
#.#..# .##.......... ..
#..# ......###.#.#.
##...†.# ........####.
##..#.# .........##..
....#.. .............
.....##.. .............
....... ... ##..........#


You could see Menkaure (fast).

Vanquished Creatures
  An ogre (D:4)
  2 necrophages
  3 hounds (D:5)
  An orc priest (D:4)
  Natasha (thrice) (D:4)
  8 adders
  An ufetubus (D:5)
  A worm (D:3)
  3 dart slugs
  6 orcs (D:4)
  5 ball pythons
  4 bats
  7 endoplasms
  4 giant cockroaches
  3 goblins
  7 hobgoblins
  2 jackals (D:1)
  3 kobolds
  3 quokkas
  3 frilled lizards
  4 rats
74 creatures vanquished.

Notes
Turn   | Place    | Note
-------+----------+-------------------------------------------
     0 | D:1      | safid the Minotaur Hunter began the quest for the Orb.
     0 | D:1      | Reached XP level 1. HP: 18/18 MP: 0/0
   560 | D:1      | Reached XP level 2. HP: 26/26 MP: 1/1
   566 | D:1      | Found a faded altar of an unknown god.
  1366 | D:2      | Reached skill level 5 in Ranged Weapons
  1366 | D:2      | Reached XP level 3. HP: 31/31 MP: 2/2
  1916 | D:3      | Reached XP level 4. HP: 32/40 MP: 3/3
  2098 | D:3      | Found Ryunit's Assorted Antiques.
  2592 | D:4      | Noticed Natasha
  2604 | D:4      | Killed Natasha
  3120 | D:4      | Noticed an ogre
  3125 | D:4      | Killed an ogre
  3126 | D:4      | Reached skill level 5 in Fighting
  3126 | D:4      | Reached skill level 6 in Ranged Weapons
  3126 | D:4      | Reached XP level 5. HP: 13/48 MP: 4/4
  3440 | D:4      | Reached XP level 6. HP: 47/57 MP: 5/5
  3523 | D:4      | Noticed Natasha
  3539 | D:4      | Killed Natasha
  3568 | D:4      | Noticed Natasha
  3580 | D:4      | Killed Natasha
  4143 | D:5      | Entered Level 5 of the Dungeon
  4154 | D:5      | Identified the +2 leather armour of Boiling Hail {rPois
                  | Dex+6 SInv}
  4193 | D:5      | Reached skill level 7 in Ranged Weapons
  4346 | D:5      | Noticed Menkaure
  4353 | D:5      | Reached XP level 7. HP: 64/64 MP: 6/6
  4364 | D:5      | Slain by Menkaure

Illustrated notes

Levels and vault maps discovered:
D:1:      moated_graveyard_arrival, layout_basic,
          dreamdust_ecumenical_altar_angels_and_demons
D:2:      layout_basic, uniq_crazy_yiuf_cottage
D:3:      layout_rooms, serial_shops, shop, eino_tiny_chamber,
          kennysheep_path_1, kennysheep_generic_room_7
D:4:      cheibrodos_pilgrimage, layout_basic, uniq_natasha
D:5:      layout_cave_pools, uniq_menkaure

Skill      XL: |  1  2  3  4  5  6 |
---------------+-------------------+-----
Fighting       | 3 4 5 6 |  6.8
Ranged Weapons | 5 6 7 |  7.3
Dodging        | |  2.1
Stealth        | |  0.7

Action                   |  1- 3 |  4- 6 |  7- 9 || total
-------------------------+-------+-------+-------++-------
 Fire: Shortbow          |    84 |   150 |     9 ||   243
Armor: Leather armour    |    10 |    17 |     2 ||    29
Dodge: Dodged            |    17 |    40 |     7 ||    64
